3A
IDAHO FALLS CHUKARS @ PROVO MANGO
07/17/2025
 
TOP OF THE 1ST
Idaho Falls Chukars batting - Pitching for Provo Mango : RHP Javier Mena
Pitching: RHP Javier Mena
Batting: LHB Frank Sharp 0-0: Ball
1-0: Ground out U3 (Groundball, 34)
Batting: RHB Christian Gentry 0-0: Fly out, F8 (Flyball, 89M)
Batting: SHB Pablo Coloa 0-0: Ball
1-0: Called Strike
1-1: Foul Ball, location: 2F
1-2: Ball
2-2: Ball
3-2: Strikes out swinging
Top of the 1st over - 0 run(s), 0 hit(s), 0 error(s), 0 left on base; Idaho Falls 0 - Provo 0
BOTTOM OF THE 1ST
Provo Mango batting - Pitching for Idaho Falls Chukars : RHP Poto Scacceri
Pitching: RHP Poto Scacceri
Batting: RHB Daniel Maldonado 0-0: Swinging Strike
0-1: Ball
1-1: Swinging Strike
1-2: Ball
2-2: Strikes out swinging
Batting: RHB James Pike 0-0: Called Strike
0-1: Ball
1-1: Foul Ball, location: 2F
1-2: SINGLE (Groundball, 6M) (infield hit)
Batting: SHB Jesús Herrera 0-0: Ball
James Pike steals 2nd base
1-0: SINGLE (Groundball, 4D)
James Pike to third
Runner from 3rd tries for Home, SAFE, no throw
Batting: RHB Restin P. Surambe 0-0: Called Strike
Jesús Herrera is caught stealing 2nd base
0-1: Ground out 5-3 (Groundball, 5)
Bottom of the 1st over - 1 run(s), 2 hit(s), 0 error(s), 0 left on base; Idaho Falls 0 - Provo 1
TOP OF THE 2ND
Idaho Falls Chukars batting - Pitching for Provo Mango : RHP Javier Mena
Batting: RHB Scott Ramsey 0-0: Ball
1-0: Foul Ball, location: 2F
1-1: Ball
2-1: Called Strike
2-2: Foul Ball, location: 2F
2-2: Foul Ball, location: 2F
2-2: Ball
3-2: Base on Balls
Batting: RHB Michael Bradshaw 0-0: Ball
1-0: Called Strike
1-1: Ball
2-1: Called Strike
2-2: Strikes out looking
Batting: SHB Félix Medina 0-0: Foul Ball, location: 2F
0-1: SINGLE (Groundball, 6D)
Scott Ramsey to second
Batting: RHB Dam Son 0-0: Ball
1-0: Foul Ball, location: 2F
1-1: Called Strike
1-2: Ball
2-2: Foul Ball, location: 2F
2-2: Foul Ball, location: 2F
2-2: Ball
3-2: Strikes out swinging
Batting: RHB Jonah Cooney 0-0: Ball
1-0: Foul Ball, location: 2F
1-1: Called Strike
1-2: Strikes out looking
Top of the 2nd over - 0 run(s), 1 hit(s), 0 error(s), 2 left on base; Idaho Falls 0 - Provo 1
BOTTOM OF THE 2ND
Provo Mango batting - Pitching for Idaho Falls Chukars : RHP Poto Scacceri
Batting: RHB Jaquiski Tartt 0-0: Ground out 4-3 (Groundball, 4M)
Batting: RHB Mauro Longoria 0-0: Called Strike
0-1: Ball
1-1: Swinging Strike
1-2: Strikes out swinging
Batting: RHB Jesús Ramos 0-0: Called Strike
0-1: Fly out, F5 (Popup, 5L)
Bottom of the 2nd over - 0 run(s), 0 hit(s), 0 error(s), 0 left on base; Idaho Falls 0 - Provo 1
TOP OF THE 3RD
Idaho Falls Chukars batting - Pitching for Provo Mango : RHP Javier Mena
Batting: RHB Miguel Luna 0-0: Foul Ball, location: 2F
0-1: Swinging Strike
0-2: Strikes out swinging
Batting: LHB Frank Sharp 0-0: Ball
1-0: Foul Ball, location: 2F
1-1: SINGLE (Groundball, 34D)
Batting: RHB Christian Gentry 0-0: Ball
1-0: Called Strike
1-1: Called Strike
1-2: Strikes out looking
Batting: SHB Pablo Coloa 0-0: Swinging Strike
0-1: Ball
Frank Sharp is caught stealing 2nd base
Top of the 3rd over - 0 run(s), 1 hit(s), 0 error(s), 0 left on base; Idaho Falls 0 - Provo 1
BOTTOM OF THE 3RD
Provo Mango batting - Pitching for Idaho Falls Chukars : RHP Poto Scacceri
Batting: RHB Felipe Córdova 0-0: Ball
1-0: Reached via error on a dropped throw, E3
Batting: RHB António Quiñones 0-0: Ball
1-0: Ball
2-0: Foul Ball, location: 2F
2-1: Called Strike
2-2: Foul Ball, location: 2F
2-2: Strikes out swinging
Batting: RHB Daniel Maldonado 0-0: Ball
1-0: Fly out, F4 (Line Drive, 4D)
Batting: RHB James Pike 0-0: Swinging Strike
0-1: Foul Ball, location: 2F
0-2: Foul Ball, location: 2F
0-2: Ball
1-2: Ball
Felipe Córdova is caught stealing 2nd base
Bottom of the 3rd over - 0 run(s), 0 hit(s), 1 error(s), 0 left on base; Idaho Falls 0 - Provo 1
TOP OF THE 4TH
Idaho Falls Chukars batting - Pitching for Provo Mango : RHP Javier Mena
Batting: SHB Pablo Coloa 0-0: Called Strike
0-1: Foul Ball, location: 2F
0-2: Foul Ball, location: 2F
0-2: Ball
1-2: Strikes out looking
Batting: RHB Scott Ramsey 0-0: Foul Ball, location: 2F
0-1: Ground out 1-3 (Groundball, P)
Batting: RHB Michael Bradshaw 0-0: Ground out 6-3 (Groundball, 6M)
Top of the 4th over - 0 run(s), 0 hit(s), 0 error(s), 0 left on base; Idaho Falls 0 - Provo 1
BOTTOM OF THE 4TH
Provo Mango batting - Pitching for Idaho Falls Chukars : RHP Poto Scacceri
Batting: RHB James Pike 0-0: Bunt missed!
0-1: Swinging Strike
0-2: Strikes out looking
Batting: SHB Jesús Herrera 0-0: Called Strike
0-1: Ball
1-1: Called Strike
1-2: Foul Ball, location: 2F
1-2: Strikes out swinging
Batting: RHB Restin P. Surambe 0-0: Called Strike
0-1: Ball
1-1: Foul Ball, location: 2F
1-2: Ball
2-2: Foul Ball, location: 2F
2-2: Ball
3-2: Base on Balls
Batting: RHB Jaquiski Tartt 0-0: Ball
1-0: Called Strike
1-1: Foul Ball, location: 2F
1-2: Ball
2-2: Ball
3-2: Strikes out looking
Bottom of the 4th over - 0 run(s), 0 hit(s), 0 error(s), 1 left on base; Idaho Falls 0 - Provo 1
TOP OF THE 5TH
Idaho Falls Chukars batting - Pitching for Provo Mango : RHP Javier Mena
Batting: SHB Félix Medina 0-0: Ball
1-0: Called Strike
1-1: Swinging Strike
1-2: Ground out 4-3 (Groundball, 4)
Batting: RHB Dam Son 0-0: Fly out, F8 (Flyball, 8RM)
Batting: RHB Jonah Cooney 0-0: Ball
1-0: Called Strike
1-1: Ball
2-1: Fly out, F8 (Flyball, 8LS)
Top of the 5th over - 0 run(s), 0 hit(s), 0 error(s), 0 left on base; Idaho Falls 0 - Provo 1
BOTTOM OF THE 5TH
Provo Mango batting - Pitching for Idaho Falls Chukars : RHP Poto Scacceri
Batting: RHB Mauro Longoria 0-0: Swinging Strike
0-1: Foul Ball, location: 2F
0-2: Ball
1-2: Foul Ball, location: 2F
1-2: Foul Ball, location: 2F
1-2: Foul Ball, location: 2F
1-2: Foul Ball, location: 2F
1-2: Ball
2-2: Ball
3-2: Foul Ball, location: 2F
3-2: SINGLE (Groundball, 56S) (infield hit)
Batting: RHB Jesús Ramos 0-0: Bunted foul
0-1: Sac Bunt - play at first, batter OUT! 5-4
Mauro Longoria to second
Batting: RHB Felipe Córdova 0-0: Ball
1-0: Ball
Wild Pitch!
Mauro Longoria to third
2-0: Foul Ball, location: 2F
2-1: Foul Ball, location: 2F
2-2: Ball
3-2: Ground out 5-3 (Groundball, 25)
Batting: RHB António Quiñones 0-0: Swinging Strike
0-1: Foul Ball, location: 2F
0-2: Foul Ball, location: 2F
0-2: Ball
1-2: Ball
2-2: Strikes out swinging
Bottom of the 5th over - 0 run(s), 1 hit(s), 0 error(s), 1 left on base; Idaho Falls 0 - Provo 1
TOP OF THE 6TH
Idaho Falls Chukars batting - Pitching for Provo Mango : RHP Javier Mena
Batting: RHB Miguel Luna 0-0: SINGLE (Line Drive, 4MD)
Batting: LHB Frank Sharp 0-0: Ball
1-0: Ball
2-0: Bunted foul
2-1: Bunted foul
2-2: Ball
3-2: Ground out 5-3 (Groundball, 56S)
Miguel Luna to second
Now at 3B: José Ibáñez
Batting: RHB Christian Gentry 0-0: Ball
1-0: DOUBLE (Groundball, 5L)
Miguel Luna scores
Batting: SHB Pablo Coloa 0-0: Intentional Walk
Batting: RHB Scott Ramsey 0-0: Ball
Balk!
Christian Gentry to third
Pablo Coloa to second
1-0: Ball
2-0: Called Strike
2-1: Foul Ball, location: 2F
2-2: Strikes out swinging
Batting: RHB Michael Bradshaw 0-0: Intentional Walk
Batting: SHB Félix Medina 0-0: Called Strike
0-1: SINGLE (Groundball, 6MD)
Christian Gentry scores
Pablo Coloa to third
Michael Bradshaw to second
Runner from 3rd tries for Home, SAFE, no throw
Batting: RHB Dam Son 0-0: Ball
1-0: Called Strike
1-1: Foul Ball, location: 2F
1-2: Ball
2-2: Strikes out looking
Top of the 6th over - 3 run(s), 3 hit(s), 0 error(s), 2 left on base; Idaho Falls 3 - Provo 1
BOTTOM OF THE 6TH
Provo Mango batting - Pitching for Idaho Falls Chukars : RHP Poto Scacceri
Batting: RHB Daniel Maldonado 0-0: Fly out, F8 (Flyball, 8LD)
Batting: RHB James Pike 0-0: Foul Ball, location: 2F
0-1: Ball
1-1: Foul Ball, location: 2F
1-2: Ball
2-2: Ball
3-2: DOUBLE (Line Drive, 7LM)
Batting: SHB Jesús Herrera 0-0: Swinging Strike
0-1: Foul Ball, location: 2F
0-2: Ball
1-2: Strikes out swinging
Pitching: RHP José Ramírez
Batting: RHB Restin P. Surambe 0-0: Ball
1-0: Ball
2-0: Ball
3-0: Called Strike
3-1: Base on Balls
Batting: RHB Jaquiski Tartt 0-0: Swinging Strike
0-1: Ball
1-1: Foul Ball, location: 2F
1-2: Ball
2-2: Strikes out swinging
Bottom of the 6th over - 0 run(s), 1 hit(s), 0 error(s), 2 left on base; Idaho Falls 3 - Provo 1
TOP OF THE 7TH
Idaho Falls Chukars batting - Pitching for Provo Mango : RHP Javier Mena
Batting: RHB Jonah Cooney 0-0: Swinging Strike
0-1: Ball
1-1: Swinging Strike
1-2: Ground out 6-3 (Groundball, 6)
Batting: RHB Miguel Luna 0-0: Ball
1-0: SINGLE (Flyball, 89S)
Batting: LHB Frank Sharp 0-0: Ball
Miguel Luna is caught stealing 2nd base
1-0: Called Strike
1-1: Foul Ball, location: 2F
1-2: Ball
2-2: Foul Ball, location: 2F
2-2: Foul Ball, location: 2F
2-2: Foul Ball, location: 2F
2-2: Foul Ball, location: 2F
2-2: Ball
3-2: SINGLE (Groundball, 4MD)
Pitching: LHP Igarashi Momoru
Batting: RHB Christian Gentry 0-0: Ball
1-0: Called Strike
1-1: SINGLE (Flyball, 89S)
Frank Sharp to second
Runner from 2nd tries for 3rd, SAFE, throw made to third
Batting: SHB Pablo Coloa 0-0: Ball
1-0: Ball
2-0: Called Strike
2-1: Fly out, F7 (Flyball, 7)
Top of the 7th over - 0 run(s), 3 hit(s), 0 error(s), 2 left on base; Idaho Falls 3 - Provo 1
BOTTOM OF THE 7TH
Provo Mango batting - Pitching for Idaho Falls Chukars : RHP José Ramírez
Batting: RHB Mauro Longoria 0-0: Ball
1-0: Ball
2-0: Ball
3-0: Called Strike
3-1: Fly out, F8 (Line Drive, 89M)
Batting: RHB Jesús Ramos 0-0: Fly out, F6 (Popup, 56)
Batting: RHB Felipe Córdova 0-0: Ball
1-0: Fly out, F7 (Flyball, 78M)
Bottom of the 7th over - 0 run(s), 0 hit(s), 0 error(s), 0 left on base; Idaho Falls 3 - Provo 1
TOP OF THE 8TH
Idaho Falls Chukars batting - Pitching for Provo Mango : LHP Igarashi Momoru
Batting: RHB Scott Ramsey 0-0: Ball
1-0: Ball
2-0: Fly out, F7 (Flyball, 7S)
Batting: RHB Michael Bradshaw 0-0: Ball
1-0: Ball
2-0: Foul Ball, location: 2F
2-1: Ball
3-1: Foul Ball, location: 2F
3-2: Base on Balls
Batting: SHB Félix Medina 0-0: Ball
Michael Bradshaw is caught stealing 2nd base
1-0: Swinging Strike
1-1: Foul Ball, location: 2F
1-2: Strikes out swinging
Top of the 8th over - 0 run(s), 0 hit(s), 0 error(s), 0 left on base; Idaho Falls 3 - Provo 1
BOTTOM OF THE 8TH
Provo Mango batting - Pitching for Idaho Falls Chukars : RHP José Ramírez
Batting: SHB José Ibáñez 0-0: Called Strike
0-1: Ground out 6-3 (Groundball, 6)
Batting: RHB Daniel Maldonado 0-0: Ground out 6-3 (Groundball, 6)
Batting: RHB James Pike 0-0: Ball
1-0: Ground out 5-3 (Groundball, 56)
Bottom of the 8th over - 0 run(s), 0 hit(s), 0 error(s), 0 left on base; Idaho Falls 3 - Provo 1
TOP OF THE 9TH
Idaho Falls Chukars batting - Pitching for Provo Mango : LHP Igarashi Momoru
Batting: RHB Dam Son 0-0: Ball
1-0: Called Strike
1-1: Fly out, F9 (Flyball, 9LS)
Batting: RHB Jonah Cooney 0-0: Ball
1-0: Foul Ball, location: 2F
1-1: Ball
2-1: Swinging Strike
2-2: Ball
3-2: Strikes out looking
Batting: RHB Miguel Luna 0-0: Swinging Strike
0-1: Ball
1-1: Ball
2-1: Foul Ball, location: 2F
2-2: Ball
3-2: Foul Ball, location: 2F
3-2: Base on Balls
Batting: LHB Frank Sharp 0-0: Ball
Miguel Luna is caught stealing 2nd base
Top of the 9th over - 0 run(s), 0 hit(s), 0 error(s), 0 left on base; Idaho Falls 3 - Provo 1
BOTTOM OF THE 9TH
Provo Mango batting - Pitching for Idaho Falls Chukars : RHP José Ramírez
Pitching: RHP Enrique Costa
Batting: SHB Jesús Herrera 0-0: Called Strike
0-1: Ball
1-1: Swinging Strike
1-2: Foul Ball, location: 2F
1-2: Ball
2-2: Fly out, F7 (Flyball, 78S)
Batting: RHB Restin P. Surambe 0-0: Ball
1-0: Foul Ball, location: 2F
1-1: Swinging Strike
1-2: Foul Ball, location: 2F
1-2: Strikes out looking
Batting: RHB Jaquiski Tartt 0-0: Ball
1-0: Fly out, F7 (Flyball, 7S)
Bottom of the 9th over - 0 run(s), 0 hit(s), 0 error(s), 0 left on base; Idaho Falls 3 - Provo 1
Friday, December 30th, 2016 - OOTP Baseball 17.12 Build 75